 Dungeon Crawl Stone Soup version 0.27.0-1-g7a089689b8 (webtiles) character file.

Game seed: 4284057166943363840

1234 hasubaka the Covered (level 8, -9/69 HPs)
             Began as a Hill Orc Fighter on Aug 10, 2021.
             Was an Initiate of Ru.
             Mangled by a two-headed ogre (14 damage)
             ... on level 6 of the Dungeon.
             The game lasted 00:32:42 (6526 turns).

hasubaka the Covered (Hill Orc Fighter)             Turns: 6526, Time: 00:32:42

Health: -9/69      AC:  9    Str: 21    XL:     8   Next: 48%
Magic:  8/8        EV:  8    Int:  8    God:    Ru [......]
Gold:   313        SH: 10    Dex: 10    Spells: 2/7 levels left

rFire    . . .     SeeInvis .   v - +1 flail (protect)
rCold    . . .     Faith    .   c - +0 kite shield
rNeg     . . .     Spirit   .   b - +1 scale mail
rPois    .         Reflect  .   (no helmet)
rElec    .         Harm     .   x - +0 cloak
rCorr    .         Rampage  .   (no gloves)
Will     +....                  (no boots)
Stlth    ..........             (no amulet)
HPRegen  0.21/turn              r - ring of flight
MPRegen  0.11/turn              (no ring)

@: flying
A: no stealth, strong-willed 1, subdued magic 1
a: Renounce Religion


You were on level 6 of the Dungeon.
You worshipped Ru.
Ru was noncommittal.
You visited 1 branch of the dungeon, and saw 6 of its levels.

You collected 313 gold pieces.

Inventory:

Hand Weapons
 a - a +1 war axe
 g - a +0 whip
 h - a +0 club
 k - a +0 giant club
 l - a +0 hunting sling
 v - a +1 flail of protection (weapon)
Missiles
 f - 192 stones
 j - 7 javelins
 q - 2 boomerangs
Armour
 b - a +1 scale mail (worn)
 c - a +0 kite shield (worn)
 d - a +0 chain mail
 i - a +0 buckler
 s - a scarf of repulsion
 x - a +0 cloak (worn)
Jewellery
 r - a ring of flight (left hand)
Wands
 m - a wand of iceblast (8) (quivered)
 A - a wand of flame (21)
Scrolls
 e - 2 scrolls of noise
 t - a scroll of immolation
 y - a scroll of fear {unknown}
 D - a scroll of amnesia {unknown}
Potions
 n - 2 potions of curing
 o - a potion of brilliance {unknown}
 p - a potion of flight {unknown}
 u - a potion of resistance {unknown}
 w - a potion of invisibility {unknown}
 z - 2 potions of degeneration {unknown}


   Skills:
 + Level 5.4 Fighting
 + Level 5.7(6.6) Axes
 + Level 4.3(5.3) Maces & Flails
 + Level 6.2 Armour
 - Level 0.2 Dodging
 + Level 5.3 Shields
 * Level 3.4 Evocations


You had 2 spell levels left.
You knew the following spells:

 Your Spells              Type           Power      Damage    Failure   Level
a - Confusing Touch       Hex            0%         N/A       100%        3
b - Slow                  Hex            0%         N/A       99%         2

Your spell library contained the following spells:

 Spells                   Type           Power      Damage    Failure   Level
 Yara's Violent Unravell  Hex/Tmut       0%         3d3       100%        5


Dungeon Overview and Level Annotations

Branches:
Dungeon (6/15)             Temple (0/1) D:5

Altars:
Ashenzari
Fedhas
Ru

Shops:
D:1 [   D:5 (


Innate Abilities, Weirdness & Mutations

You cannot be stealthy.
You are strong-willed. (Will+)
Your spells are a little easier to cast, but a little less powerful.


Message History

You thump the howler monkey zombie!
The howler monkey zombie is heavily damaged.
You hit the two-headed ogre.
The two-headed ogre is lightly wounded.
You sock the two-headed ogre!
The two-headed ogre is moderately wounded.
The two-headed ogre barely misses you. You block the two-headed ogre's attack.
You hit the two-headed ogre.
The two-headed ogre is moderately wounded.
The two-headed ogre hits you with a +0 giant club!
You block the two-headed ogre's attack.
You sock the two-headed ogre!
The two-headed ogre is moderately wounded.
You block the two-headed ogre's attack.
The two-headed ogre hits you with a +0 giant spiked club!
The two-headed ogre hits you but does no damage.
The two-headed ogre closely misses you.
Aiming: Iceblast
Press: ? - help, Shift-Dir - straight line, f - howler monkey zombie
Aim: a howler monkey zombie (heavily damaged)
Okay, then.
You hit the two-headed ogre.
The two-headed ogre is heavily wounded.
The two-headed ogre barely misses you. You block the two-headed ogre's attack.
You hit the two-headed ogre.
The two-headed ogre is heavily wounded.
You block the two-headed ogre's attack.
The two-headed ogre hits you but does no damage.
You sock the two-headed ogre!
The two-headed ogre is severely wounded.
The two-headed ogre hits you with a +0 giant club!
The two-headed ogre hits you with a +0 giant spiked club.
* * * LOW HITPOINT WARNING * * *
You hit the two-headed ogre.
The two-headed ogre is severely wounded.
The two-headed ogre hits you but does no damage.
The two-headed ogre hits you with a +0 giant spiked club!
* * * LOW HITPOINT WARNING * * *
The two-headed ogre hits you with a +0 giant club!
You die...

##.###
.!...........###.
#..#####.
####..............
#.........
#.....[.#####.###.
#.######.#
#.##.#...## #.# #.
#.#
#.##......###.# #.
#)#
#.#...........# #.
#)#
#Z#.........### #.
#.# #O##........#
## #.#
#@..........# #.#
######...#..# #.#
#####..# #<# #..#
#.# #..# #.# #.#
..# ..^......


You could see a two-headed ogre and a howler monkey zombie.

Vanquished Creatures
  Sigmund (D:6)
  A hornet zombie (D:6)
  An orc warrior (D:6)
  An ogre (D:5)
  A necrophage (D:6)
  2 centaurs (D:5)
  2 phantoms
  A water moccasin zombie (D:5)
  A howler monkey (D:6)
  A bullfrog zombie (D:3)
  A jelly (D:4)
  A bullfrog skeleton (D:6)
  3 orc wizards (D:6)
  3 gnolls (D:3)
  3 adders
  2 white imps
  An ufetubus (D:6)
  2 worms
  4 dart slugs
  14 orcs
  8 endoplasms
  A giant cockroach (D:1)
  7 goblins
  6 hobgoblins
  2 kobolds
  2 quokkas
  4 ball pythons
  4 bats
  6 frilled lizards
  4 rats
90 creatures vanquished.

Vanquished Creatures (collateral kills)
  2 orcs (D:6)
2 creatures vanquished.

Vanquished Creatures (others)
  4 fungi (D:3)
4 creatures vanquished.

Grand Total: 96 creatures vanquished

Notes
Turn   | Place    | Note
-------+----------+-------------------------------------------
     0 | D:1      | hasubaka the Hill Orc Fighter began the quest for the Orb.
     0 | D:1      | Reached XP level 1. HP: 19/19 MP: 1/1
   139 | D:1      | Reached XP level 2. HP: 27/27 MP: 2/2
   186 | D:1      | Found Gufaji's Armour Boutique.
   621 | D:1      | Found a faded altar of an unknown god.
  1230 | D:2      | Reached XP level 3. HP: 30/33 MP: 3/3
  1845 | D:3      | Gained mutation: Your body sometimes deteriorates upon
                  | taking damage. [potion of mutation]
  1846 | D:3      | Lost mutation: Your body sometimes deteriorates upon taking
                  | damage. [potion of mutation]
  1846 | D:3      | Gained mutation: Your spells are a little easier to cast,
                  | but a little less powerful. [potion of mutation]
  1846 | D:3      | Gained mutation: You are strong-willed. (Will+) [potion of
                  | mutation]
  1870 | D:3      | Reached skill level 4 in Armour
  1871 | D:3      | Reached XP level 4. HP: 5/40 MP: 4/4
  2433 | D:3      | Reached XP level 5. HP: 39/46 MP: 5/5
  2510 | D:3      | Found a blossoming altar of Fedhas.
  2586 | D:3      | Found a sacrificial altar of Ru.
  2622 | D:3      | Became a worshipper of Ru the Awakened
  2631 | D:3      | Learned a level 3 spell: Confusing Touch
  3531 | D:4      | Noticed a phantom
  3554 | D:4      | Killed a phantom
  3555 | D:4      | Reached skill level 5 in Axes
  3555 | D:4      | Reached XP level 6. HP: 28/53 MP: 6/6
  4210 | D:5      | Entered Level 5 of the Dungeon
  4270 | D:5      | Found a staircase to the Ecumenical Temple.
  4397 | D:5      | Reached skill level 5 in Armour
  4397 | D:5      | Reached skill level 1 in Evocations
  4399 | D:5      | Gained mutation: You cannot be stealthy. [Ru sacrifice]
  4559 | D:5      | Found a broken altar of Ashenzari.
  4597 | D:5      | Reached XP level 7. HP: 5/60 MP: 7/7
  4998 | D:5      | Reached skill level 1 in Maces & Flails
  5281 | D:5      | Found Reyhotir's Weapon Emporium.
  5303 | D:5      | Reached skill level 5 in Fighting
  5870 | D:6      | HP: 1/61 [orc warrior (4)]
  5873 | D:6      | Reached skill level 5 in Shields
  5874 | D:6      | Reached XP level 8. HP: 2/68 MP: 8/8
  6307 | D:6      | Noticed Sigmund
  6322 | D:6      | Killed Sigmund
  6323 | D:6      | Reached skill level 6 in Armour
  6384 | D:6      | Learned a level 2 spell: Slow
  6499 | D:6      | Noticed a two-headed ogre
  6519 | D:6      | HP: 3/69 [two-headed ogre (15)]
  6526 | D:6      | Mangled by a two-headed ogre

Illustrated notes

Levels and vault maps discovered:
D:1:      eino_arrival_cavern_a, layout_loops_ring, basic_ecumenical_altar,
          serial_shops, shop_statue
D:2:      layout_basic, hangedman_decor_opposing, chequers_serial_rivers_small_3
D:3:      layout_basic, mainiacjoe_overflow_24_doors,
          mainiacjoe_overflow_boulevard
D:4:      layout_basic, minmay_misc_feat_room
D:5:      layout_basic, nicolae_ashenzari_panopticon, minmay_temple_entry_mist,
          serial_shops, shop
D:6:      layout_loops_ring, uniq_sigmund

Skill      XL: |  1  2  3  4  5  6  7  8 |
---------------+-------------------------+-----
Axes           | 3 4 5 |  5.7
Armour         | 4 5 6 |  6.2
Fighting       | 4 5 |  5.4
Shields        | 4 5 |  5.3
Evocations     | 1 2 3 |  3.4
Maces & Flails | 2 4 |  4.3
Dodging        | |  0.2

Action                   |  1- 3 |  4- 6 |  7- 9 || total
-------------------------+-------+-------+-------++-------
Melee: War axe           |    72 |   105 |       ||   177
       Flail             |       |    25 |   118 ||   143
Invok: Sacrifice Stealth |       |     1 |       ||     1
Evoke: Wand              |     2 |       |       ||     2
  Use: Scroll            |     3 |     2 |     5 ||    10
       Potion            |     2 |     3 |     1 ||     6
Armor: Scale mail        |    37 |    75 |    83 ||   195
Dodge: Dodged            |    22 |    46 |    38 ||   106
Block: Kite shield       |    43 |    86 |    57 ||   186
